 Dungeon Crawl Stone Soup version 0.21-a0-241-g2cbab09 (webtiles) character file.

7 tidbits the Slasher (level 1, 0/15 HPs)
             Began as a Demigod Wanderer on Sept 3, 2017.
             Slain by a hobgoblin (2 damage)
             ... on level 1 of the Dungeon.
             The game lasted 00:00:59 (122 turns).

tidbits the Slasher (Demigod Wanderer)               Turns: 122, Time: 00:01:00

Health: 0/15       AC:  2    Str: 16    XL:     1   Next: 73%
Magic:  3/3        EV: 11    Int: 16    God:
Gold:   7          SH:  0    Dex: 14    Spells: 0/0 levels left

rFire    . . .     SeeInvis .   b - +0 shortbow
rCold    . . .     Gourm    .   (shield currently unavailable)
rNeg     . . .     Faith    .   e - +0 robe
rPois    .         Spirit   .   (no helmet)
rElec    .         Reflect  .   (no cloak)
rCorr    .         Harm     .   (no gloves)
MR       .....                  (no boots)
Stlth    ++........             (no amulet)
HPRegen  0.05/turn              (no ring)
MPRegen  0.08/turn              (no ring)

@: no status effects
A: high mp 1
a: no special abilities


You were on level 1 of the Dungeon.
You were not hungry.

You visited 1 branch of the dungeon, and saw 2 of its levels.

You collected 7 gold pieces.

Inventory:

Hand Weapons
 a - a +2 falchion
 b - a +0 shortbow (weapon)
 f - a +0 dagger
 k - a +0 hand axe
Missiles
 d - 18 arrows (quivered)
 h - 20 bolts
Armour
 e - a +0 robe (worn)
Scrolls
 c - a scroll of teleportation
 i - a scroll of amnesia {unknown}
 j - a scroll of immolation {unknown}
Comestibles
 g - a bread ration
 l - a royal jelly


   Skills:
 + Level 0.5 Fighting
 - Level 3.6 Long Blades
 - Level 1.9 Bows
 - Level 1.0 Throwing
 - Level 1.0 Armour
 - Level 2.0 Stealth


You couldn't memorise any spells.
You didn't know any spells.

Dungeon Overview and Level Annotations

Branches:
Dungeon (2/15)


Innate Abilities, Weirdness & Mutations

You have an increased reservoir of magic. (+10% MP)


Message History

You kill the rat!
The hobgoblin hits you.
Firing (i - inventory):
d - 19 arrows (quivered)
Press: ? - help, Shift-Dir - straight line, f - hobgoblin
Aim: a hobgoblin (heavily wounded)
You shoot an arrow.
The arrow hits the hobgoblin but does no damage.
The hobgoblin is heavily wounded.
The hobgoblin barely misses you. The hobgoblin hits you.
Firing (i - inventory):
d - 18 arrows (quivered)
Press: ? - help, Shift-Dir - straight line, f/p - hobgoblin
Aim: a hobgoblin (heavily wounded)
You shoot an arrow. The arrow hits the hobgoblin.
You kill the hobgoblin!
d - 20 arrows (gained 3)
You see here a hobgoblin corpse.
Found 7 gold pieces.
d - 21 arrows (gained 1)
d - 22 arrows (gained 1)
You now have 7 gold pieces.
There is a stone staircase leading down here.
You climb downwards.
Found a hand axe and a scroll labeled KOUTUF ZOEB.
There is a stone staircase leading up here.
A ball python comes into view.
Found an escape hatch in the ceiling.
j - a scroll labeled KOUTUF ZOEB The ball python hisses angrily.
Firing (i - inventory):
d - 22 arrows (quivered)
Press: ? - help, Shift-Dir - straight line, f - ball python
Aim: a ball python You shoot an arrow.
The arrow hits the ball python.
You kill the ball python!
You see here a hand axe.
k - a hand axe
d - 22 arrows (gained 1)
An adder comes into view.
There is an escape hatch in the ceiling here.
The adder hisses angrily.
A mysterious force pulls you upwards. The hatch slams shut behind you.
A kobold comes into view. It is wielding a short sword.
The kobold throws a stone.
The stone barely misses you.
You see here a stone.
The kobold throws a stone.
The stone closely misses you.
You see here a stone.
Firing (i - inventory):
d - 22 arrows (quivered)
Press: ? - help, Shift-Dir - straight line, f - kobold
Aim: a kobold, wielding a short sword You shoot an arrow.
The arrow hits the kobold!
You kill the kobold!
Your Stealth skill increases to level 2!
A leopard gecko comes into view.
Things that are here:
an arrow; a short sword; a stone
d - 22 arrows (gained 1) Firing (i - inventory):
d - 22 arrows (quivered)
Press: ? - help, Shift-Dir - straight line, f - leopard gecko
Aim: a leopard gecko (clinging, resting)
You shoot an arrow. The arrow hits the leopard gecko.
The leopard gecko hisses angrily.
The leopard gecko is almost dead.
Firing (i - inventory):
d - 21 arrows (quivered)
Press: ? - help, Shift-Dir - straight line, f/p - leopard gecko
Aim: a leopard gecko (almost dead, clinging)
You shoot an arrow. The arrow hits the leopard gecko!
You kill the leopard gecko!
d - 21 arrows (gained 1)
d - 22 arrows (gained 1)
Found a royal jelly.
l - a royal jelly
Found a hunting sling.
A kobold comes into view. It is wielding a club.
The kobold shouts!
A hobgoblin comes into view.
The hobgoblin shouts!
You see here a hunting sling.
Firing (i - inventory):
d - 22 arrows (quivered)
Press: ? - help, Shift-Dir - straight line, f - hobgoblin
Aim: a hobgoblin You shoot an arrow.
The arrow barely misses the hobgoblin.
The hobgoblin hits you.
Firing (i - inventory):
d - 21 arrows (quivered)
Press: ? - help, Shift-Dir - straight line, f/p - hobgoblin
Aim: a hobgoblin You shoot an arrow.
The arrow barely misses the hobgoblin.
The hobgoblin hits you.
* * * LOW HITPOINT WARNING * * *
Firing (i - inventory):
d - 20 arrows (quivered)
Press: ? - help, Shift-Dir - straight line, f/p - hobgoblin
Aim: a hobgoblin You shoot an arrow.
The arrow hits the hobgoblin.
The hobgoblin is moderately wounded.
The hobgoblin hits you.
* * * LOW HITPOINT WARNING * * *
Firing (i - inventory):
d - 19 arrows (quivered)
Press: ? - help, Shift-Dir - straight line, f/p - hobgoblin
Aim: a hobgoblin (moderately wounded)
You shoot an arrow. The arrow barely misses the hobgoblin.
The hobgoblin hits you.
You die...

####.####...
##........#.#
#..#..##..... #
#.###....#.#.
###.##..#..#......
........K#.#.#.#.#
#..##...........
#...#..#.#.#.
#@....#....
#g......#.#.
#(....##...
#.....# .# #.....#
#.....# #######


You could see a hobgoblin and a kobold.

Vanquished Creatures
  A leopard gecko (D:1)
  A goblin (D:1)
  A hobgoblin (D:1)
  A kobold (D:1)
  A ball python (D:2)
  A rat (D:1)
6 creatures vanquished.

Notes
Turn   | Place    | Note
-------+----------+-------------------------------------------
     0 | D:1      | tidbits the Demigod Wanderer began the quest for the Orb.
     0 | D:1      | tidbits set off with: a +2 falchion, a scroll of teleportation, a +0 shortbow, 23 arrows, a +0 robe, a +0 dagger, a bread ration
     0 | D:1      | Reached XP level 1. HP: 14/14 MP: 3/3
    75 | D:1      | Reached skill level 2 in Stealth
   122 | D:1      | Slain by a hobgoblin

Vault maps used:
D:1:      minmay_arrival_solitary_statue, minmay_misc_feat_alley, hex_medium
D:2:      nicolae_ru_awakened_eye, first_bread

Skill      XL: |  1 |
---------------+----+-----
Stealth        | 2 |  2.0
Fighting       | |  0.5
Long Blades    | |  3.6
Bows           | |  1.9
Throwing       | |  1.0
Armour         | |  1.0

Action                   || total
-------------------------++-------
 Fire: Shortbow          ||    15
Armor: Robe              ||     1
Dodge: Dodged            ||     4

Table legend:
 A = Spawn XP
 B = Non-spawn XP
 C = Spawn XP percentage of total XP
 D = Spawn monster count
 E = Non-spawn monster count
 F = Spawn count percentage of total count
 G = Total turns spent on level
                    A         B        C        D         E        F      G
               +---------+---------+-------+---------+---------+-------+---------
         Total |       0 |      11 |   0.0 |       0 |       6 |   0.0 |   122
               +---------+---------+-------+---------+---------+-------+---------
           D:1 |       0 |      10 |   0.0 |       0 |       5 |   0.0 |   103
           D:2 |       0 |       1 |   0.0 |       0 |       1 |   0.0 |    19
               +---------+---------+-------+---------+---------+-------+---------

Table legend:
 A = Turns spent in this place as a percentage of turns spent in the entire game.
 B = Non-inter-level travel turns spent in this place as a percentage of non-inter-level travel turns spent in the entire game.
 C = Inter-level travel turns spent in this place as a percentage of turns spent in this place.
 D = Turns resting spent in this place as a percentage of non-inter-level travel turns spent in this place.
 E = Turns spent auto-exploring this place as a percentage of non-inter-level travel turns spent in this place.
 F = Non-inter-level travel turns spent in this place divided by the number of levels of this place that you've seen.
                   A       B       C       D       E      F
               +-------+-------+-------+-------+-------+----------------------
         Total | 100.0 | 100.0 |   0.0 |   0.0 |   0.0 |  61.0
       Dungeon | 100.0 | 100.0 |   0.0 |   0.0 |   0.0 |  61.0
               +-------+-------+-------+-------+-------+----------------------

Table legend:
 A = Kills in this place as a percentage of kills in entire the game.
 B = Kills by you in this place as a percentage of kills by you in the entire game.
 C = Kills by friends in this place as a percentage of kills by friends in the entire game.
 D = Other kills in this place as a percentage of other kills in the entire game.
 E = Experience gained in this place as a percentage of experience gained in the entire game.
 F = Experience gained in this place divided by the number of levels of this place that you have seen.
                   A       B       C       D       E      F
               +-------+-------+-------+-------+-------+----------------------
         Total | 100.0 | 100.0 |   N/A |   N/A | 100.0 |   5.5
       Dungeon | 100.0 | 100.0 |   N/A |   N/A | 100.0 |   5.5
               +-------+-------+-------+-------+-------+----------------------

Vault maps used:
D:1:      minmay_arrival_solitary_statue, minmay_misc_feat_alley, hex_medium
D:2:      nicolae_ru_awakened_eye, first_bread
